 Dungeon Sprint DCSS version 0.30-a0-622-gddc90eaa04 (webtiles) character file.

Game seed: 16884589296048794599

1101 Darkkill the Carver (level 8, -6/82 HPs)
             Began as a Minotaur Monk on Jan 10, 2023.
             Was an Initiate of Gozag.
             Hit by a javelin thrown by a merfolk javelineer (15 damage)
             ... in the Dungeon (Sprint VII: "The Pits").
             The game lasted 00:01:49 (644 turns).

Darkkill the Carver (Minotaur Monk)                  Turns: 644, Time: 00:01:49

Health: -6/82      AC: 12    Str: 17    XL:     8   Next: 10%
Magic:  7/7        EV:  7    Int:  7    God:    Gozag
Gold:   734        SH:  0    Dex: 14    Spells: 7/7 levels left

rFire   . . .      SeeInvis .    j - +2 quarterstaff
rCold   . . .      Faith    .    (shield currently unavailable)
rNeg    . . .      Spirit   .    n - +2 plate armour
rPois   .          Reflect  .    (helmet restricted)
rElec   .          Harm     .    (no cloak)
rCorr   .          Rampage  .    (no gloves)
Will    .....      NoTele   +    (no boots) Stlth
                                 (no amulet)
HPRegen 0.33/turn                (no ring)
MPRegen 0.10/turn                (no ring)

@: on berserk cooldown, slowed, very slow
A: horns 2, retaliatory headbutt
a: Renounce Religion, Potion Petition, Call Merchant, Bribe Branch


You were in the Dungeon.
You worshipped Gozag.
Gozag was pleased with you.
You visited 1 branch You collected 1386 gold pieces.
You paid 652 gold pieces to Gozag.

Inventory:

Hand Weapons
 j - a +2 quarterstaff (weapon)
Missiles
 k - 10 stones (quivered)
Armour
 n - a +2 plate armour (worn)
Scrolls
 l - 5 scrolls of amnesia
Potions
 a - 2 potions of invisibility
 c - a potion of ambrosia
 d - 5 potions of curing {@q1}
 e - 2 potions of heal wounds
 f - a potion of haste
 g - 4 potions of magic
 h - 2 potions of berserk rage


   Skills:
 + Level 11.3 Fighting
 + Level 11.3 Long Blades
 + Level 10.3 Dodging
 + Level 8.4 Stealth


You had 7 spell levels left.
You didn't know any spells.
Your spell library was empty.

Dungeon Overview and Level Annotations

Branches:
Dungeon (1/1)

Altars:
Ashenzari
Cheibriados
Dithmenos
Elyvilon
Fedhas
Gozag
Hepliaklqana
Kikubaaqudgha
Makhleb
Nemelex Xobeh
Okawaru
Qazlal
Ru
Sif Muna
Trog
Uskayaw
Vehumet
Wu Jian
Xom
Yredelemnul
Zin
The Shining One
Jiyva
Lugonu

Shops:
D *


Innate Abilities, Weirdness & Mutations

You have a pair of horns on your head.
You reflexively headbutt those who attack you in melee.


Message History

Blink to where?
Press: ? - help, Q - select action, (/) - cycle Dir - move target
As you read the scroll of blinking, it crumbles to dust.
You feel much better.
There is an entrance to Monuelope's Assorted Antiques here.
A red film seems to cover your vision as you go berserk!
You feel yourself moving faster!
You feel mighty!
The hell rat twitches its whiskers.
You sock the hell rat! You headbutt the hell rat.
The hell rat is severely wounded.
The hell rat bites you!
The quokka twitches its whiskers.
You sock the hell rat!
You kill the hell rat!
The merfolk closely misses you.
Your Dodging skill increases to level 10!
You see here 63 gold pieces.
You barely miss the merfolk. The quokka barely misses you.
You furiously retaliate!
You headbutt the quokka!
You kill the quokka!
The merfolk javelineer barely misses you.
The merfolk hits you with a +0 trident.
You feel a strong urge to attack something.
The merfolk javelineer is distracted by your dazzling golden aura.
The merfolk is distracted by your dazzling golden aura.
You see here 63 gold pieces.
You closely miss the merfolk. You headbutt the merfolk!
The merfolk is lightly wounded.
The merfolk hits you with a +0 trident.
You bludgeon the merfolk!!
The merfolk is heavily wounded.
The merfolk is no longer distracted by gold.
The merfolk hits you with a +0 trident!
You sock the merfolk! You headbutt the merfolk!
The merfolk is almost dead.
The merfolk is distracted by your dazzling golden aura. x2
The merfolk shouts!
You sock the merfolk!
You kill the merfolk!
The merfolk is no longer distracted by gold.
The merfolk hits you but does no damage.
Your Fighting skill increases to level 11!
Your Long Blades skill increases to level 11!
You have reached level 8!
You feel agile.
You are no longer berserk.
You are exhausted.
You feel yourself slow down.
The merfolk javelineer is no longer distracted by gold.
The merfolk javelineer throws a javelin.
The javelin pierces through you!
The merfolk is distracted by your dazzling golden aura.
You miss the merfolk javelineer.
Your headbutt misses the merfolk javelineer.
The merfolk javelineer throws a javelin.
The javelin pierces through you but does no damage.
The merfolk javelineer is distracted by your dazzling golden aura.
The merfolk javelineer shouts!
You hit the merfolk javelineer but do no damage.
The merfolk javelineer is no longer distracted by gold.
The merfolk is no longer distracted by gold.
The merfolk javelineer throws a javelin.
The javelin closely misses you.
The merfolk hits you but does no damage.
The merfolk javelineer throws a javelin.
The javelin pierces through you. The merfolk hits you with a +0 trident!
You feel much better.
The merfolk javelineer throws a javelin.
The javelin pierces through you!
The merfolk hits you with a +0 trident!!
The merfolk javelineer throws a javelin.
The javelin pierces through you!
* * * LOW HITPOINT WARNING * * *
The merfolk hits you with a +0 trident.
* * * LOW HITPOINT WARNING * * *
You feel much better. The merfolk hits you with a +0 trident.
The merfolk javelineer throws a javelin.
The javelin pierces through you!
* * * LOW HITPOINT WARNING * * *
You feel much better.
The merfolk javelineer throws a javelin.
The javelin barely misses you. The merfolk closely misses you.
You furiously retaliate!
You headbutt the merfolk!
The merfolk hits you but does no damage.
The merfolk javelineer throws a javelin.
The javelin pierces through you!!
* * * LOW HITPOINT WARNING * * *
You feel better. The merfolk hits you with a +0 trident!
* * * LOW HITPOINT WARNING * * *
The merfolk javelineer throws a javelin.
The javelin barely misses you.
Read: scroll of butterflies
Press: ? - help, Q - select action, (/) - cycle Dir - look around, f - activate Look: a merfolk, wielding a +0 trident and quivering boomerangs (lightly wounded)
As you read the scroll of butterflies, it crumbles to dust.
You hear the tinkle of a tiny bell.
The merfolk javelineer throws a javelin.
The javelin pierces through you!
You die...
Your body crumbles into a pile of gold.

#)#........##.......#
#[###########.......#
#.......#.. #########
#....b..#.# ####
#...#...#.#..m.#
#..###bb#'#r...#
#b.b#bbb#.'m...+
#.bbbbbm#b#....#


#.bbbb@mbb# ...# ########### ### You could see a merfolk javelineer (ally
target) and a merfolk (ally target).

Vanquished Creatures
  A merfolk (D)
  A hornet (D)
  Sigmund (D)
  2 floating eyes (D)
  An orc warrior (D)
  A phantom (D)
  A hound (D)
  A gnoll bouda (D)
  An iron imp (D)
  A hell rat (D)
  2 adders (D)
  3 gnolls (D)
  An orc (D)
  A bat skeleton (D)
  2 endoplasms (D)
  2 giant cockroaches (D)
  A kobold (D)
  A quokka (D)
  A frilled lizard (D)
  2 rats (D)
27 creatures vanquished.

Notes
Turn   | Place    | Note
-------+----------+-------------------------------------------
     0 | D        | Darkkill the Minotaur Monk began the quest for the Orb.
     0 | D        | Reached XP level 1. HP: 19/19 MP: 0/0
    49 | D        | Found a bloodstained altar of Trog.
    49 | D        | Found a shimmering blue altar of Sif Muna.
    49 | D        | Found a viscous altar of Jiyva.
    49 | D        | Found a hazy altar of Hepliaklqana.
    49 | D        | Found an opulent altar of Gozag.
    50 | D        | Found a glowing golden altar of the Shining One.
    50 | D        | Found a glowing silver altar of Zin.
    50 | D        | Found a basalt altar of Yredelemnul.
    50 | D        | Found a shimmering altar of Xom.
    50 | D        | Found an ornate altar of the Wu Jian Council.
    50 | D        | Found a sacrificial altar of Ru.
    50 | D        | Found a stormy altar of Qazlal.
    50 | D        | Found an iron altar of Okawaru.
    50 | D        | Found a sparkling altar of Nemelex Xobeh.
    50 | D        | Found a burning altar of Makhleb.
    50 | D        | Found a blossoming altar of Fedhas.
    50 | D        | Found a white marble altar of Elyvilon.
    50 | D        | Found a shadowy altar of Dithmenos.
    50 | D        | Found a snail-covered altar of Cheibriados.
    52 | D        | Found a radiant altar of Vehumet.
    52 | D        | Found a corrupted altar of Lugonu.
    53 | D        | Found a hide-covered altar of Uskayaw.
    53 | D        | Found an ancient bone altar of Kikubaaqudgha.
    53 | D        | Found a broken altar of Ashenzari.
    57 | D        | Became a worshipper of Gozag Ym Sagoz the Greedy
    75 | D        | Reached XP level 2. HP: 11/28 MP: 1/1
   148 | D        | Noticed a floating eye
   155 | D        | Killed a floating eye
   156 | D        | Reached skill level 5 in Dodging
   156 | D        | Reached XP level 3. HP: 38/38 MP: 2/2
   156 | D        | Reached XP level 4. HP: 45/45 MP: 3/3
   243 | D        | Noticed Sigmund
   243 | D        | Noticed a phantom
   248 | D        | Killed Sigmund
   249 | D        | Reached skill level 5 in Stealth
   249 | D        | Reached XP level 5. HP: 52/55 MP: 4/4
   249 | D        | Reached XP level 6. HP: 59/62 MP: 5/5
   424 | D        | Noticed an orc warrior
   437 | D        | Killed an orc warrior
   438 | D        | Reached XP level 7. HP: 42/71 MP: 6/6
   531 | D        | Noticed a hornet
   533 | D        | Paralysed by a hornet for 1 turns
   535 | D        | Killed a hornet
   536 | D        | Reached skill level 10 in Fighting
   536 | D        | Reached skill level 10 in Long Blades
   609 | D        | Paralysed by a floating eye for 4 turns
   621 | D        | Noticed a merfolk javelineer
   621 | D        | Noticed a merfolk
   621 | D        | Noticed a merfolk
   629 | D        | Reached skill level 10 in Dodging
   636 | D        | Killed a merfolk
   637 | D        | Reached XP level 8. HP: 82/82 MP: 7/7
   640 | D        | HP: 10/82 [merfolk javelineer/javelin (15)]
   640 | D        | HP: 4/82 [merfolk/+0 trident[a merfolk javelineer] (6)]
   644 | D        | Hit by a javelin thrown by a merfolk javelineer

Illustrated notes

Levels and vault maps discovered:
D:        pitsprint [storerooms_1, entrance_room_1, metal_vault_2, armoury_2,
          mini_pit_1, grid_room_1, main_hall_1, silver_pit, the_coven_1,
          the_vestibule_1, steel_vault_1, golden_pit, hallway_of_sentries,
          crystal_vault_5, iron_vault_3, final_vault]

Skill      XL: |  1  2  3  4  5  6  7 |
---------------+----------------------+-----
Fighting       | 4 6 8 9 11 | 11.3
Long Blades    | 4 6 8 9 11 | 11.3
Dodging        | 4 5 7 9 10 | 10.3
Stealth        | 2 4 5 7 8 |  8.4

Action                   |  1- 3 |  4- 6 |  7- 9 || total
-------------------------+-------+-------+-------++-------
Melee: Quarterstaff      |     8 |    57 |    22 ||    87
       Falchion          |     2 |       |       ||     2
       Headbutt          |     2 |    14 |     5 ||    21
Invok: Call Merchant     |       |     1 |       ||     1
  Use: Potion            |       |       |     6 ||     6
       Scroll            |       |       |     2 ||     2
 Stab: Distracted        |       |     1 |       ||     1
Armor: Plate armour      |       |    19 |    13 ||    32
       Robe              |       |     1 |       ||     1
Dodge: Dodged            |     5 |    21 |    13 ||    39

Table legend: (Time is in decaauts)
 A = Elapsed time spent in this place.
 B = Non-inter-level travel time spent in this place.
 C = Inter-level travel time spent in this place.
 D = Time resting spent in this place.
 E = Time spent auto-exploring this place.
 F = Levels seen in this place.
 G = Mean time per level.
                   A        B        C        D        E       F      G
               +--------+--------+--------+--------+--------+-----+--------+
         Total |    671 |    650 |     21 |    326 |      0 |   1 |  671.0 |
       Dungeon |    671 |    650 |     21 |    326 |      0 |   1 |  671.0 |
               +--------+--------+--------+--------+--------+-----+--------+

Top non-repeatable levels by time:
       D: 671 daAuts

Table legend:
 A = Kills in this place as a percentage of kills in entire the game.
 B = Kills by you in this place as a percentage of kills by you in the entire game.
 C = Kills by friends in this place as a percentage of kills by friends in the entire game.
 D = Other kills in this place as a percentage of other kills in the entire game.
 E = Experience gained in this place as a percentage of experience gained in the entire game.
 F = Experience gained in this place divided by the number of levels of this place that you have seen.
                   A       B       C       D       E      F
               +-------+-------+-------+-------+-------+----------------------
         Total | 100.0 | 100.0 |   N/A |   N/A | 100.0 | 1574.0
       Dungeon | 100.0 | 100.0 |   N/A |   N/A | 100.0 | 1574.0
               +-------+-------+-------+-------+-------+----------------------
